 Dungeon Crawl Stone Soup version 0.18-a0-943-g2c08dd4 (webtiles) character file.

35354 Duffy the Basher (level 13, -4/154 HPs)
             Began as a Demonspawn Fire Elementalist on Dec 29, 2015.
             Was the Champion of Cheibriados.
             Slain by a death yak (10 damage)
             ... on level 4 of the Lair of Beasts.
             The game lasted 00:29:52 (23562 turns).

Duffy the Basher (Demonspawn Fire Elementalist)    Turns: 23562, Time: 00:29:53

Health: -4/154     AC: 30    Str: 26    XL:     13   Next: 47%
Magic:  0/20       EV:  4    Int: 33    God:    Cheibriados [******]
Gold:   999        SH:  0    Dex: 35    Spells: 3 memorised, 14 levels left

rFire  . . .     SeeInvis .     x - +2 eveningstar
rCold  . . .     Gourm    .     (armour currently unavailable)
rNeg   + + +     Faith    +     (no shield)
rPois  +         Spirit   +     (helmet currently unavailable)
rElec  .         Dismiss  .     (cloak currently unavailable)
rCorr  .         Reflect  .     (gloves currently unavailable)
SustAt .         Harm     .     (boots currently unavailable)
MR     .....     NoTele   +     N - amulet of faith
Stlth  ++++......               I - ring of poison resistance
                                C - ring of Jarot {AC+4 Str+3 Int+2}

@: tree-form, very slow, not resistant to hostile enchantments, stealthy
A: (horns 0), repulsion field 1, (cold resistance 0), magic shield, magic
regeneration, magic link
a: Bend Time, Temporal Distortion, Slouch, Step From Time, Renounce Religion


You were on level 4 of the Lair of Beasts.
You worshipped Cheibriados.
Cheibriados was exalted by your worship.
You were not hungry.
You were a tree.
You visited 3 branches of the dungeon, and saw 16 of its levels.
You also visited: Labyrinth.

You collected 999 gold pieces.


Innate Abilities, Weirdness & Mutations

You are surrounded by a mild repulsion field (EV +2).
((Your flesh is cold resistant.))
When hurt, damage is shared between your health and your magic reserves.
You regenerate magic rapidly.
When low on magic, you restore magic in place of health.
((You have a pair of small horns on your head.))


   Skills:
 + Level 10.1 Fighting
 * Level 11.2 Maces & Flails
 + Level 5.8 Armour
 + Level 9.0 Dodging
 - Level 1.7 Stealth
 - Level 5.0 Spellcasting
 - Level 7.2 Conjurations
 - Level 7.2 Fire Magic
 - Level 8.2 Invocations


You had 14 spell levels left.
You knew the following spells:

 Your Spells              Type           Power        Failure   Level  Hunger
a - Flame Tongue          Conj/Fire      #####        1%          1    None
j - Sticky Flame          Conj/Fire      ######..     2%          4    ###....
l - Conjure Flame         Conj/Fire      ######..     1%          3    None

Inventory:

Hand Weapons
 x - a +2 eveningstar (weapon)
Missiles
 a - 38 poisoned needles
 A - 22 tomahawks of dispersal (quivered)
Armour
 d - a +0 chain mail (melded)
 h - a +0 pair of boots (melded)
 s - a +0 helmet of intelligence
 T - a +2 pair of gloves of dexterity (melded)
Jewellery
 n - an uncursed amulet of harm {unknown}
 t - an uncursed amulet of resist corrosion
 v - an uncursed ring of teleportation
 C - the ring of Jarot (left branch) {AC+4 Str+3 Int+2}

   [ring of protection]

   It affects your AC (+4).
   It affects your strength (+3).
   It affects your intelligence (+2).
 I - a ring of poison resistance (right branch)
 M - an uncursed ring of ice
 N - an amulet of faith (around neck)
 R - an uncursed ring of see invisible
Scrolls
 q - 3 scrolls of teleportation
 w - a scroll of immolation
 B - a scroll of summoning
 D - 3 scrolls of recharging
 E - a scroll of remove curse
 G - 2 scrolls of fear
 Q - a scroll of vulnerability
 U - a scroll of fog
 W - 3 scrolls of magic mapping
Potions
 e - 3 potions of heal wounds
 f - a potion of might
 g - 2 potions of agility
 i - 5 potions of curing
 k - 4 potions of magic
 m - 2 potions of ambrosia
 r - 2 potions of brilliance
 z - a potion of cancellation
 F - a potion of cure mutation
 H - a potion of lignification
 P - a potion of berserk rage {unknown}
Comestibles
 c - 6 bread rations
 j - 5 beef jerkies
 l - 9 royal jellies
 o - 15 fruits
 p - 10 meat rations

Dungeon Overview and Level Annotations

Branches:
Dungeon (11/15)            Temple (1/1) D:5            Lair (4/8) D:10
    Orc (0/2) D:11
  Swamp: Lair:3-6    Shoals: Lair:3-6     Snake: Lair:3-6    Spider: Lair:3-6

Altars:
Ashenzari
Cheibriados
Dithmenos
Elyvilon
Fedhas
Kikubaaqudgha
Makhleb
Nemelex Xobeh
Okawaru
Pakellas
Qazlal
Ru
Sif Muna
Trog
Vehumet
Xom
Yredelemnul
Zin
The Shining One

Annotations:
Lair:4 Urug


Message History

Urug hits you with a war axe of freezing.
Urug freezes you.
The river rat bites you but does no damage.
The death yak gores you! The death yak gores you.
You can feel time thicken for a moment.
You kill the river rat!
Cheibriados thoroughly appreciates the change of pace.
You feel somewhat more hungry.
Urug hits you with a war axe of freezing.
Urug freezes you. The death yak gores you. Urug hits you but does no damage.
The death yak gores you but does no damage.
You don't have enough magic at the moment.
You closely miss Urug.
Urug is severely wounded.
The death yak gores you.
Urug hits you with a war axe of freezing!
Urug freezes you.
You puncture Urug!
Urug is almost dead.
The death yak barely misses you.
The death yak gores you but does no damage.
Urug hits you with a war axe of freezing.
Urug freezes you. The death yak gores you!
You hit Urug.
Urug is almost dead.
The death yak gores you.
The death yak gores you but does no damage.
Urug hits you but does no damage.
The death yak gores you but does no damage.
You hit Urug but do no damage.
Urug is almost dead.
The death yak gores you!
The death yak gores you but does no damage.
Urug hits you but does no damage. The death yak gores you!
You die...

#.................. #.
##............P.#.# #Y
##............##P###
Y.#...........###### Y
#.......!### #
#.#(......## ##.
#.#.#...(...# ###..
#.P..oYY..#.# ##....##
#....Y7...######......#
#....###### ##.........
#.....# #.......)..
....P. ...........
..... ........... .....
........... <...
........... ....
........... ...........


You could see 3 death yaks and Urug.

Action                   |  1- 3 |  4- 6 |  7- 9 | 10-12 | 13-15 || total
-------------------------+-------+-------+-------+-------+-------++-------
Melee: Dagger            |    76 |   105 |   411 |   216 |       ||   808
       Eveningstar       |       |       |       |   662 |   253 ||   915
 Cast: Flame Tongue      |    27 |    71 |   145 |   105 |       ||   348
       Conjure Flame     |       |     3 |     1 |    10 |       ||    14
       Sticky Flame      |       |       |    15 |    26 |       ||    41
Invok: Slouch            |       |       |       |    10 |     1 ||    11
  Use: Scroll            |       |     4 |     4 |    18 |     5 ||    31
       Potion            |       |       |       |     3 |     2 ||     5
 Stab: Sleeping          |     2 |     4 |    14 |     2 |       ||    22
       Distracted        |       |     1 |     3 |     1 |       ||     5
  Eat: Chunk             |     3 |     9 |    15 |    24 |     4 ||    55
       Fruit             |       |       |     4 |       |       ||     4

Notes
Turn   | Place    | Note
--------------------------------------------------------------
     0 | D:1      | Duffy the Demonspawn Fire Elementalist began the quest for the Orb.
     0 | D:1      | Reached XP level 1. HP: 13/13 MP: 3/3
   203 | D:1      | Reached skill level 2 in Conjurations
   246 | D:1      | Gained mutation: Your flesh is cold resistant. [demonic ancestry]
   246 | D:1      | Reached XP level 2. HP: 19/19 MP: 0/5
  1143 | D:1      | Reached XP level 3. HP: 24/24 MP: 6/6
  1148 | D:1      | Learned a level 3 spell: Conjure Flame
  1410 | D:2      | Reached skill level 3 in Fire Magic
  1819 | D:2      | Reached skill level 3 in Conjurations
  1900 | D:2      | Found an oddly glowing altar of Pakellas.
  1900 | D:2      | Noticed Ijyb
  1911 | D:2      | Killed Ijyb
  1911 | D:2      | Reached XP level 4. HP: 18/30 MP: 4/7
  2449 | D:2      | Gained mutation: When hurt, damage is shared between your health and your magic reserves. [demonic ancestry]
  2449 | D:2      | Reached XP level 5. HP: 29/35 MP: 4/9
  2863 | D:2      | Learned a level 4 spell: Sticky Flame
  2933 | D:3      | Reached skill level 3 in Spellcasting
  3102 | D:3      | Reached skill level 4 in Conjurations
  3196 | D:3      | Reached skill level 4 in Fire Magic
  3277 | D:3      | Noticed oliversarmada's ghost (amateur MfGl)
  3311 | D:3      | Killed oliversarmada's ghost
  3311 | D:3      | Reached XP level 6. HP: 41/41 MP: 0/10
  4266 | D:4      | Reached skill level 5 in Conjurations
  4407 | D:4      | Reached skill level 5 in Fire Magic
  4407 | D:4      | Reached XP level 7. HP: 46/46 MP: 5/11
  5163 | D:5      | Entered Level 5 of the Dungeon
  5491 | D:5      | Reached skill level 6 in Conjurations
  5791 | D:5      | Noticed Eustachio
  5811 | D:5      | Killed Eustachio
  5811 | D:5      | Reached skill level 6 in Fire Magic
  5811 | D:5      | Reached XP level 8. HP: 37/52 MP: 1/12
  5885 | D:5      | Noticed Grinder
  5900 | D:5      | Paralysed by Grinder for 5 turns
  6185 | D:5      | Paralysed by Grinder for 5 turns
  6196 | D:5      | Killed Grinder
  6196 | D:5      | Reached skill level 7 in Conjurations
  6275 | D:5      | Found a staircase to the Ecumenical Temple.
  6285 | Temple   | Entered the Ecumenical Temple
  6475 | Temple   | Became a worshipper of Cheibriados the Contemplative
  6683 | D:5      | Found a glowing silver altar of Zin.
  6757 | D:5      | Found an ancient bone altar of Kikubaaqudgha.
  6757 | D:5      | Found a bloodstained altar of Trog.
  6774 | D:5      | Reached skill level 7 in Fire Magic
  7007 | D:5      | Reached skill level 1 in Fighting
  7007 | D:5      | Reached skill level 2 in Dodging
  7552 | D:6      | Reached * piety under Cheibriados
  7554 | D:6      | Reached skill level 2 in Fighting
  7811 | D:6      | Noticed Duvessa
  7811 | D:6      | Noticed Dowan
  7830 | D:6      | Killed Duvessa
  7830 | D:6      | Reached skill level 3 in Dodging
  7837 | D:6      | Killed Dowan
  7837 | D:6      | Reached skill level 3 in Fighting
  7980 | D:6      | Noticed Sigmund
  7989 | D:6      | Killed Sigmund
  7989 | D:6      | Gained mutation: You regenerate magic rapidly. [demonic ancestry]
  7989 | D:6      | Reached XP level 9. HP: 61/64 MP: 6/13
  8133 | D:6      | Reached skill level 4 in Dodging
  8143 | D:6      | Reached skill level 4 in Fighting
  8759 | D:6      | Reached ** piety under Cheibriados
  8937 | D:6      | Reached skill level 5 in Fighting
  9135 | D:6      | Reached skill level 5 in Dodging
  9203 | D:7      | Noticed M4edhros's ghost (novice OpAr)
  9418 | D:7      | Killed M4edhros's ghost
  9418 | D:7      | Reached skill level 6 in Fighting
  9625 | D:7      | Reached *** piety under Cheibriados
  9916 | D:7      | Reached skill level 4 in Spellcasting
 10485 | D:7      | Reached skill level 5 in Spellcasting
 10485 | D:7      | Reached XP level 10. HP: 30/76 MP: 6/17
 10941 | D:8      | Reached **** piety under Cheibriados
 11011 | D:8      | Reached skill level 1 in Maces & Flails
 11011 | D:8      | Reached skill level 6 in Dodging
 11267 | D:8      | Reached skill level 2 in Maces & Flails
 11616 | D:8      | Reached ***** piety under Cheibriados
 12180 | D:9      | Reached skill level 3 in Maces & Flails
 12585 | D:9      | Reached skill level 7 in Fighting
 13200 | D:10     | Entered Level 10 of the Dungeon
 13392 | D:10     | Reached skill level 4 in Maces & Flails
 13392 | D:10     | Reached skill level 1 in Invocations
 13439 | D:10     | Reached ****** piety under Cheibriados
 13503 | D:10     | Reached skill level 2 in Invocations
 13845 | D:10     | Reached skill level 3 in Invocations
 13908 | D:10     | Reached skill level 4 in Invocations
 14091 | D:10     | Reached skill level 5 in Maces & Flails
 14346 | D:10     | Found a staircase to the Lair.
 14422 | D:10     | Reached skill level 5 in Invocations
 14452 | D:10     | Gained mutation: When low on magic, you restore magic in place of health. [demonic ancestry]
 14452 | D:10     | Reached XP level 11. HP: 71/84 MP: 18/18
 14713 | Lair:1   | Entered Level 1 of the Lair of Beasts
 14731 | Lair:1   | Reached skill level 6 in Invocations
 14746 | Lair:1   | Reached skill level 6 in Maces & Flails
 14982 | Lair:1   | Got a smoking amber ring
 14984 | Lair:1   | Identified the ring of Jarot {AC+4 Str+3 Int+2} (You found it on level 1 of the Lair of Beasts)
 15039 | Lair:1   | Reached skill level 7 in Invocations
 15407 | Lair:1   | Killed an unseen horror
 15407 | Lair:1   | Reached skill level 7 in Maces & Flails
 15407 | Lair:1   | Reached skill level 8 in Invocations
 16093 | Lair:1   | Reached skill level 1 in Armour
 16094 | Lair:1   | Reached skill level 7 in Dodging
 16790 | Lair:2   | Found a labyrinth entrance.
 16800 | Lab      | Entered a labyrinth
 16897 | Lab      | Reached skill level 2 in Armour
 17331 | Lab      | Noticed a minotaur
 17334 | Lab      | Killed a minotaur
 17334 | Lab      | Reached skill level 8 in Maces & Flails
 17623 | Lab      | Identified Uriqieph's Papyrus of the Thirteen Seas (You found it in a labyrinth)
 17694 | Lair:2   | Reached skill level 8 in Fighting
 17694 | Lair:2   | Gained mutation: You are surrounded by a mild repulsion field (EV +2). [demonic ancestry]
 17694 | Lair:2   | Reached XP level 12. HP: 6/92 MP: 4/19
 18303 | Lair:2   | Reached skill level 3 in Armour
 18456 | Lair:1   | Noticed a seven-headed hydra
 18721 | D:10     | Noticed a five-headed hydra
 18729 | D:10     | Killed a five-headed hydra
 18829 | D:11     | Gained mutation: You have a pair of small horns on your head. [potion of beneficial mutation]
 18863 | D:11     | Reached skill level 9 in Maces & Flails
 19193 | D:11     | Found a staircase to the Orcish Mines.
 19929 | D:11     | Reached skill level 8 in Dodging
 20246 | Lair:2   | Reached skill level 9 in Fighting
 20247 | Lair:2   | Reached skill level 4 in Armour
 20325 | Lair:2   | Reached skill level 10 in Maces & Flails
 20718 | Lair:2   | Found a white marble altar of Elyvilon.
 20818 | Lair:2   | Noticed Fannar
 20844 | Lair:2   | Killed Fannar
 21553 | Lair:3   | Reached XP level 13. HP: 93/98 MP: 18/20
 21777 | Lair:3   | Reached skill level 5 in Armour
 23070 | Lair:3   | Reached skill level 11 in Maces & Flails
 23196 | Lair:4   | Reached skill level 10 in Fighting
 23398 | Lair:4   | Reached skill level 9 in Dodging
 23542 | Lair:4   | Noticed Urug
 23562 | Lair:4   | Slain by a death yak

Vault maps used:
D:1:      saegor_arrival_fortress
D:2:      grunt_pakellas_salt, uniq_iyjb
D:3:      nicolae_overflow_hidden_temple, minmay_joined_circles
D:5:      old_forge, gammafunk_temple_overflow_elements, marbit_many_paths,
          temple_fountains, nicolae_ossuary_entry_catacombs, first_bread,
          minmay_misc_feat_nine_boxes, uniq_eustachio, uniq_grinder
D:6:      minmay_unpleasant_kobolds, uniq_sigmund, uniq_duvessa
D:7:      serial_park, serial_park_gazebo, serial_park_square1
D:10:     david_lair_shrubbed, hangedman_pestilent_swarm
D:11:     orc_0_dummy
Temple:   lightli_temple_of_artemis
Lair:1:   beast_lair_carwin_1
Lair:2:   lab_entry_generic, basic_altar, minivault_29, uniq_fannar
Lair:3:   beast_lair_carwin_large_1, eino_small_chamber_without_monster,
          roderic_carrion_pond, infiniplex_staircase_pool
Lair:4:   swamp_mist, uniq_urug
Lab:      labyrinth_mini_lab, nicolae_lab_dead_end, nicolae_lab_flowing_pool,
          lab_hedge, nicolae_lab_lava

Vanquished Creatures
  A minotaur
  2 hydras Fannar
  A queen ant
  A death yak
  An unseen horror
  The ghost of M4edhros the Covert, a novice OpAr of Xom
  A gargoyle
  5 spiny frogs
  A torpor snail
  2 black mambas
  9 komodo dragons
  2 fire drakes
  4 polar bears
  2 trolls Grinder
  10 blink frogs
  A trapdoor spider
  A wyvern Sigmund Eustachio
  2 hungry ghosts
  38 yaks
  A hippogriff
  3 basilisks
  24 soldier ants
  7 porcupines
  6 wolves
  7 water moccasins Duvessa
  6 necrophages
  2 ogres
  4 sky beasts
  5 black bears
  2 phantoms
  An eye of draining
  The ghost of oliversarmada the Poker, an amateur MfGl
  6 orc warriors
  5 centaurs
  2 ice beasts
  5 big kobolds
  5 crocodiles
  18 giant frogs
  A gnoll sergeant Dowan
  9 scorpions
  6 killer bees
  12 wights
  A giant frog zombie
  13 orc wizards
  3 jellies
  9 crimson imps
  12 orc priests
  2 centaur skeletons
  7 hounds
  A giant frog skeleton
  A gnoll shaman Ijyb
  3 human skeletons
  3 iguanas
  28 worker ants
  24 sheep
  A killer bee zombie
  A hound zombie
  A hound skeleton
  34 river rats
  13 adders
  13 gnolls
  3 shadow imps
  An adder zombie
  6 adder skeletons
  5 worms
  10 giant geckos
  58 orcs
  5 ball pythons
  14 bats
  A bat zombie
  16 goblins
  6 hobgoblins
  9 jackals
  5 quokkas
  5 giant cockroaches
  A giant cockroach zombie
  4 giant newts
  17 kobolds
  3 orc skeletons
  A quokka zombie
  10 rats
  A bush
  7 fungi
  5 plants
593 creatures vanquished.
